 Dungeon Crawl Stone Soup version 0.24.0-2-g5b39cebb1c (webtiles) character file.

Game seed: 1222654260094633881, levelgen mode: deterministic

4 theanonym the Grave Robber (level 1, -2/15 HPs)
             Began as a Mummy Wanderer on Oct 30, 2019.
             Slain by an ooze (3 damage)
             ... on level 2 of the Dungeon.
             The game lasted 00:00:37 (378 turns).

theanonym the Grave Robber (Mummy Wanderer)          Turns: 378, Time: 00:00:37

Health: -2/15      AC:  2    Str: 16    XL:     1   Next: 58%
Magic:  2/2        EV: 10    Int:  9    God:
Gold:   28         SH:  3    Dex: 12    Spells: 2/2 levels left

rFire    x . .     SeeInvis .   a - +0 club
rCold    + . .     Gourm    .   c - +0 buckler
rNeg     + + +     Faith    .   d - +0 robe
rPois    ∞         Spirit   .   (no helmet)
rElec    .         Reflect  .   (no cloak)
rCorr    .         Harm     .   (no gloves)
MR       .....                  (no boots)
Stlth    +.........             (no amulet)
HPRegen  0.05/turn              (no ring)
MPRegen  0.08/turn              (no ring)

@: no status effects
A: no food or potions, fire vulnerability, cold resistance 1, negative energy
resistance 3, torment resistance, unbreathing
a: no special abilities


Innate Abilities, Weirdness & Mutations

You do not eat or drink.
Your flesh is vulnerable to fire.
You are immune to poison.
Your flesh is cold resistant. (rC+)
You are immune to negative energy. (rN+++)
You are immune to unholy pain and torment.
You can survive without breathing.


   Skills:
 - Level 1.0 Fighting
 * Level 0.6 Maces & Flails
 - Level 1.0 Throwing
 - Level 1.5 Armour
 + Level 1.1 Shields
 - Level 1.3 Spellcasting
   Level 2.0 Necromancy
   Level 1.5 Air Magic


You had 2 spell levels left.
You didn't know any spells.
Your spell library contained the following spells:

 Spells                   Type           Power        Failure   Level  Hunger
 Animate Skeleton         Necr           N/A          22%         1    N/A
 Pain                     Necr           #...         22%         1    N/A
 Searing Ray              Conj           #.....       58%         2    N/A
 Throw Frost              Conj/Ice       #.....       58%         2    N/A
 Vampiric Draining        Necr           #.........   54%         3    N/A
 Animate Dead             Necr           N/A          91%         4    N/A
 Regeneration             Chrm/Necr      Unusable     N/A         3    N/A

Action                   || total
-------------------------++-------
Melee: Club              ||    36
Armor: Robe              ||     6
Dodge: Dodged            ||    17
Block: Buckler           ||     8

Inventory:

Hand Weapons
 a - a +0 club (weapon)
Armour
 c - a +0 buckler (worn)
 d - a +0 robe (worn)
Scrolls
 b - a scroll of enchant armour {unknown}


You were on level 2 of the Dungeon.
You were not hungry.

You visited 1 branch of the dungeon, and saw 2 of its levels.

You collected 28 gold pieces.

Dungeon Overview and Level Annotations

Branches:
Dungeon (2/15)

Altars:

# #####.#
#.J@..#
#.##.#....#
# .# #.# .#
<. ##


You could see an ooze.

Notes
Turn   | Place    | Note
-------+----------+-------------------------------------------
     0 | D:1      | theanonym the Mummy Wanderer began the quest for the Orb.
     0 | D:1      | theanonym set off with the following items: a +0 club, a +0
                  | buckler, a +0 robe; and the following spells available to
                  | memorise: Animate Skeleton, Pain, Searing Ray, Throw Frost,
                  | Vampiric Draining, Animate Dead
     0 | D:1      | Reached XP level 1. HP: 15/15 MP: 2/2
   242 | D:1      | HP: 7/15 [kobold/+0 short sword (4)]
   245 | D:1      | HP: 3/15 [kobold/+0 short sword (2)]
   376 | D:2      | HP: 6/15 [ooze (4)]
   378 | D:2      | HP: 1/15 [ooze (5)]
   378 | D:2      | Slain by an ooze

Vanquished Creatures
  A giant cockroach (D:1)
  A frilled lizard (D:1)
  3 kobolds (D:1)
5 creatures vanquished.

Table legend:
 A = Turns spent in this place as a percentage of turns spent in the entire game.
 B = Non-inter-level travel turns spent in this place as a percentage of non-inter-level travel turns spent in the entire game.
 C = Inter-level travel turns spent in this place as a percentage of turns spent in this place.
 D = Turns resting spent in this place as a percentage of non-inter-level travel turns spent in this place.
 E = Turns spent auto-exploring this place as a percentage of non-inter-level travel turns spent in this place.
 F = Non-inter-level travel turns spent in this place divided by the number of levels of this place that you've seen.
                   A       B       C       D       E      F
               +-------+-------+-------+-------+-------+----------------------
         Total | 100.0 | 100.0 |   0.0 |  55.6 |  24.6 | 189.0
       Dungeon | 100.0 | 100.0 |   0.0 |  55.6 |  24.6 | 189.0
               +-------+-------+-------+-------+-------+----------------------
